 Dungeon Crawl Stone Soup version 0.30.0-10-gfe55d96785 (webtiles) character file.

Game seed: 4870444977329948109

870 gelatine the Stinger (level 7, -2/75 HPs)
             Began as a Demonspawn Venom Mage on May 14, 2023.
             Was an Initiate of Vehumet.
             Slain by Duvessa
             ... wielding a +0 rapier
              (8 damage)
             ... on level 5 of the Dungeon.
             The game lasted 00:17:51 (6264 turns).

gelatine the Stinger (Demonspawn Venom Mage)        Turns: 6264, Time: 00:17:51

Health: -2/75      AC: 23    Str: 15    XL:     7   Next: 73%
Magic:  0/13       EV:  2    Int: 18    God:    Vehumet [......]
Gold:   278        SH:  0    Dex: 13    Spells: 4/14 levels left

rFire   . . .        w - +0 hand axe (elec)
rCold   . . .        (no shield)
rNeg    . . .        a - melded +0 robe
rPois   +            (helmet currently unavailable)
rElec   .            (cloak currently unavailable)
rCorr   .            (gloves currently unavailable)
SInv    .            l - melded +0 pair of boots
Will    .....        i - amulet of guardian spirit
Stlth   ++           o - ring of poison resistance
HPRegen 0.32/turn    v - +6 ring of strength
MPRegen 0.13/turn

%: guardian spirit
@: tree-form, studying Armour
A: stationary, stasis, torment immunity, boosted hp, (horns 1), rugged brown
scales 1, powered by death 1
a: Renounce Religion


You were on level 5 of the Dungeon.
You worshipped Vehumet.
Vehumet was noncommittal.
You were a tree.
You visited 2 branches of the dungeon, and saw 6 of its levels.

You collected 278 gold pieces.

Inventory:

Hand Weapons
 k - a +2 dagger of freezing
 w - a +0 hand axe of electrocution (weapon)
 B - a +2 war axe of freezing
Armour
 a - a +0 robe (melded)
 l - a +0 pair of boots (melded)
 E - a +4 ring mail of cold resistance
Magical Staves
 h - a staff of air
Jewellery
 i - an amulet of guardian spirit (around neck)
 o - a ring of poison resistance (left branch)
 v - a +6 ring of strength (right branch)
Scrolls
 f - a scroll of enchant armour {unknown}
 m - a scroll of acquirement {unknown}
 n - a scroll of brand weapon {unknown}
 p - a scroll of summoning {unknown}
 q - a scroll of magic mapping {unknown}
 s - a scroll of torment {unknown}
 u - a scroll of teleportation {unknown}
 y - 2 scrolls of poison
 z - a scroll of fog
 C - a scroll of silence {unknown}
Potions
 d - a potion of resistance {unknown}
 g - 2 potions of mutation
 j - 2 potions of ambrosia
 r - a potion of berserk rage
 t - a potion of curing
 x - a potion of might {unknown}
 A - a potion of invisibility {unknown}
 D - a potion of haste {unknown}


   Skills:
 * Level 1.7 Fighting
 + Level 0.1 Short Blades
 + Level 0.4(0.5) Axes
 + Level 0.1(0.3) Maces & Flails
 * Level 2.6 Armour
 * Level 2.9 Dodging
 * Level 2.6 Stealth
 * Level 4.3 Spellcasting
 * Level 1.4 Conjurations
 * Level 2.8 Transmutations
 * Level 1.0 Air Magic
 * Level 5.1 Poison Magic
 * Level 1.1 Evocations


You had 4 spell levels left.
You knew the following spells:

 Your Spells              Type           Power      Damage    Failure   Level
a - Sting                 Tmut/Pois      72%        1d6       2%          1
b - Poisonous Vapours     Pois/Air       30%        N/A       6%          2
c - Mephitic Cloud        Conj/Pois/Air  13%        N/A       16%         3
d - Olgreb's Toxic Radia  Pois           22%        N/A       17%         4

Your spell library contained the following spells:

 Spells                   Type           Power      Damage    Failure   Level
 Spider Form              Tmut/Pois      18%        N/A       9%          3
 Momentum Strike          Conj/Tloc      12%        3d8       16%         2
 Blink                    Tloc           6%         N/A       22%         2
 Ensorcelled Hibernation  Hex/Ice        6%         N/A       22%         2
 Lesser Beckoning         Tloc           6%         N/A       22%         2
 Call Canine Familiar     Summ           3%         N/A       38%         3
 Portal Projectile        Hex/Tloc       6%         N/A       38%         3
 Volatile Blastmotes      Fire/Tloc      6%         2d10      38%         3
 Fulminant Prism          Conj/Hex       3%         3d5       71%         4
 Iskenderun's Mystic Bla  Conj/Tloc      6%         2d4       71%         4
 Anguish                  Hex/Necr       1%         N/A       80%         4
 Leda's Liquefaction      Hex/Erth       1%         N/A       80%         4
 Lee's Rapid Deconstruct  Erth           1%         3d4*      98%         5


Dungeon Overview and Level Annotations

Branches:
Dungeon (5/15)             Temple (1/1) D:4

Altars:
Ashenzari
Cheibriados
Dithmenos
Fedhas
Hepliaklqana
Kikubaaqudgha
Makhleb
Nemelex Xobeh
Okawaru
Ru
Sif Muna
Trog
Uskayaw
Vehumet
Wu Jian
Xom
Yredelemnul

Shops:
D:3 =   D:4 *

Annotations:
D:5 Duvessa


Innate Abilities, Weirdness & Mutations

You are a tree.
Your roots penetrate the ground, keeping you stationary.
You cannot be teleported.
You are immune to unholy pain and torment.
Your maximum health is greatly increased.
Your equipment is partially melded.
((You have a pair of small horns on your head.))
(You are partially covered in rugged brown scales. (AC +1, +3% HP))
You regenerate a little health from kills.


Message History

Duvessa is nearby!
Casting: Sting (safe; 2% risk of failure)
Confirm with . or Enter, or press ? or * to list all spells.
Aiming: Mephitic Cloud (dangerous; 16% risk of failure)
Press: ? - help, Shift-Dir - straight line, f - Duvessa
Aim: Duvessa, wielding a +0 rapier and wearing a +0 leather armour (wandering, hasn't noticed you, chance to affect: 81%)
The ball explodes into a vile cloud!
The stinking cloud engulfs Duvessa but does no damage.
Duvessa goes berserk!
Duvessa is engulfed in noxious fumes.
Duvessa rages.
The sting misses Duvessa.
Duvessa hits you with a +0 rapier.
The sting hits Duvessa.
Duvessa is poisoned.
Duvessa is lightly wounded.
Duvessa hits you with a +0 rapier!
The sting hits Duvessa.
Duvessa looks even sicker.
Duvessa is lightly wounded.
Duvessa hits you with a +0 rapier! Duvessa closely misses you.
Duvessa attacks as you move away! Duvessa hits you with a +0 rapier! x2
* * * LOW HITPOINT WARNING * * *
You feel much better. Duvessa hits you with a +0 rapier!
Duvessa attacks as you move away! Duvessa hits you with a +0 rapier!
Duvessa closely misses you. Duvessa hits you with a +0 rapier!
* * * LOW HITPOINT WARNING * * *
You feel much better. Duvessa closely misses you.
Duvessa hits you with a +0 rapier!!
* * * LOW HITPOINT WARNING * * *
Magic courses through your body. Duvessa closely misses you.
Duvessa attacks as you move away! Duvessa barely misses you.
Duvessa closely misses you. Duvessa misses you.
Duvessa attacks as you move away! Duvessa hits you with a +0 rapier.
Duvessa hits you with a +0 rapier!
* * * LOW HITPOINT WARNING * * *
Really quaff the potion of lignification?
You turn into a tree.
Your +0 pair of boots melds into your body.
Your +0 robe melds into your body.
Your roots penetrate the ground.
Duvessa looks more healthy.
Duvessa hits you with a +0 rapier!
You die...

...........##.............#
.#####.###.##.##.######...#
.# #.# #.## #.# .# ## #.#
#.# #.# #.###.# ##.######.
#..##.# #......... ###
##.##.# #..######. ..#
#....# #.e# ..# ##...#
.#.♣##
..######.#.##.#.........
.........<........######
.........##e#.#...#
.........##..>.....
##...[...###........
##.......# #.....###
...#+##### .....+ ##.#
.....#


You could see Duvessa (berserk).

Vanquished Creatures
  Grinder (D:3)
  A phantom (D:4)
  A scorpion (D:5)
  Dowan (D:5)
  A hound (D:4)
  3 orc priests
  2 sleepcaps
  5 iguanas
  An orc wizard (D:3)
  4 gnolls (D:3)
  6 adders
  A worm (D:3)
  3 dart slugs
  10 orcs
  6 endoplasms
  2 giant cockroaches
  7 goblins
  5 hobgoblins
  3 jackals (D:3)
  2 quokkas
  8 ball pythons
  4 bats
  3 frilled lizards
  3 kobolds
  2 rats
85 creatures vanquished.

Vanquished Creatures (others)
  An endoplasm (D:2)
1 creature vanquished.

Grand Total: 86 creatures vanquished

Notes
Turn   | Place    | Note
-------+----------+-------------------------------------------
     0 | D:1      | gelatine the Demonspawn Venom Mage began the quest for the
                  | Orb.
     0 | D:1      | Reached XP level 1. HP: 13/13 MP: 3/3
   351 | D:1      | Reached skill level 1 in Transmutations
   370 | D:1      | Gained mutation: You are partially covered in rugged brown
                  | scales. (AC +1, +3% HP) [demonic ancestry]
   370 | D:1      | Reached XP level 2. HP: 13/19 MP: 1/5
  1465 | D:2      | Reached XP level 3. HP: 24/24 MP: 2/6
  2368 | D:3      | Reached XP level 4. HP: 27/30 MP: 0/8
  2674 | D:3      | Found a shimmering blue altar of Sif Muna.
  2674 | D:3      | Found a shimmering altar of Xom.
  2674 | D:3      | Found a broken altar of Ashenzari.
  2725 | D:3      | Noticed Grinder
  2731 | D:3      | Paralysed by Grinder for 5 turns
  2747 | D:3      | Killed Grinder
  2748 | D:3      | Reached skill level 1 in Fighting
  2748 | D:3      | Reached skill level 1 in Armour
  2748 | D:3      | Reached skill level 4 in Poison Magic
  2748 | D:3      | Gained mutation: You regenerate a little health from kills.
                  | [demonic ancestry]
  2748 | D:3      | Reached XP level 5. HP: 2/38 MP: 4/10
  2748 | D:3      | Gained mutation: You have a pair of small horns on your
                  | head. [demonic ancestry]
  2748 | D:3      | Reached XP level 6. HP: 3/44 MP: 4/11
  3024 | D:3      | Found a burning altar of Makhleb.
  3059 | D:3      | Found Darghett's Jewellery Shoppe.
  3244 | D:3      | Learned a level 2 spell: Poisonous Vapours
  3248 | D:3      | Learned a level 3 spell: Mephitic Cloud
  3253 | D:3      | Learned a level 4 spell: Olgreb's Toxic Radiance
  3838 | D:4      | Found Reuwn's Lightly-Used Armoury.
  4199 | D:4      | Found a staircase to the Ecumenical Temple.
  4206 | D:4      | Reached skill level 1 in Conjurations
  4206 | D:4      | Reached XP level 7. HP: 39/49 MP: 5/12
  4237 | Temple   | Entered the Ecumenical Temple
  4358 | Temple   | Became a worshipper of Vehumet
  5019 | D:5      | Entered Level 5 of the Dungeon
  5261 | D:5      | Reached skill level 1 in Evocations
  5602 | D:5      | Reached skill level 1 in Air Magic
  5645 | D:5      | Noticed Dowan
  5646 | D:5      | Noticed Duvessa
  5799 | D:5      | Reached skill level 5 in Poison Magic
  5939 | D:5      | Killed Dowan
  6264 | D:5      | Slain by Duvessa

Illustrated notes

Levels and vault maps discovered:
D:1:      ebering_hopf_link, layout_basic, serial_co_window_serial,
          co_window_of_opportunity_a, co_window_paths_a, co_window_corner_a,
          co_window_paths_a, co_window_corner_a, co_window_broadway_a,
          co_window_corner_b, co_window_unsneaky_path_c,
          co_window_of_opportunity_c, co_window_2corner, co_window_broadway_b,
          co_window_corner_ca, glass_columns_a, glass_columns_a, glass_columns_b
D:2:      layout_rooms, chequers_serial_rivers_large_b, lemuel_flame_loot_1
D:3:      layout_loops_ring, bloody_makhleb, gammafunk_temple_overflow_claw,
          serial_shops, nicolae_shop_window_shopping, uniq_grinder
D:4:      layout_loops_ring, minmay_temple_entry_proselytizer,
          chequers_serial_rivers_large_a, minmay_shop_damaged,
          grunt_ministairs_8
D:5:      layout_basic, uniq_duvessa
Temple:   regret_index_temple_waves

Skill      XL: |  1  2  3  4  5  6  7 |
---------------+----------------------+-----
Transmutations | 1 2 |  2.8
Dodging        | 2 |  2.9
Fighting       | 1 |  1.7
Armour         | 1 2 |  2.6
Stealth        | 2 |  2.6
Spellcasting   | 3 4 |  4.3
Poison Magic   | 4 5 |  5.1
Conjurations   | 1 |  1.4
Evocations     | 1 |  1.1
Air Magic      | 1 |  1.0
Short Blades   | |  0.1
Axes           | |  0.4
Maces & Flails | |  0.1

Action                     |  1- 3 |  4- 6 |  7- 9 || total
---------------------------+-------+-------+-------++-------
  Melee: Club              |     5 |       |       ||     5
         Unarmed           |     1 |       |       ||     1
         Dagger            |     7 |    54 |       ||    61
         Hand axe          |       |    46 |    14 ||    60
         Headbutt          |       |    12 |     3 ||    15
         Punch             |       |     1 |       ||     1
   Cast: Sting             |    81 |    58 |    55 ||   194
         Olgreb's Toxic Ra |       |       |     6 ||     6
         Mephitic Cloud    |       |       |     4 ||     4
         Poisonous Vapours |       |       |     2 ||     2
    Use: Scroll            |     6 |     2 |     2 ||    10
         Potion            |       |     1 |     4 ||     5
   Stab: Confused          |       |       |     1 ||     1
 Armour: Robe              |     9 |    33 |     7 ||    49
  Dodge: Dodged            |    43 |    65 |    29 ||   137
